 Dungeon Crawl Stone Soup version 0.21-a0-349-g0c35859 (webtiles) character file.

84 Internecine the Vexing (level 4, -6/34 HPs)
             Began as a Gnoll Arcane Marksman on Oct 7, 2017.
             Was an Initiate of Okawaru.
             Mangled by an orc warrior
             ... wielding a +0 war axe
              (9 damage)
             ... on level 2 of the Dungeon.
             The game lasted 00:13:36 (1522 turns).

Internecine the Vexing (Gnoll Arcane Marksman)      Turns: 1522, Time: 00:13:38

Health: -6/34      AC:  3    Str: 13    XL:     4   Next: 46%
Magic:  7/8        EV: 14    Int: 15    God:    Okawaru [......]
Gold:   39         SH:  6    Dex: 21    Spells: 8/9 levels left

rFire    . . .     SeeInvis .   a - +0 hand crossbow
rCold    . . .     Gourm    +   p - +1 buckler
rNeg     . . .     Faith    .   j - +0 leather armour
rPois    .         Spirit   .   (no helmet)
rElec    .         Reflect  .   i - scarf {repulsion}
rCorr    .         Harm     .   (no gloves)
MR       .....                  (no boots)
Stlth    ++........             m - amulet of the gourmand
HPRegen  0.11/turn              o - +5 ring of dexterity
MPRegen  0.11/turn              (no ring)

@: repel missiles
A: distributed training, fangs 1, strong nose
a: Renounce Religion


You were on level 2 of the Dungeon.
You worshipped Okawaru.
Okawaru was noncommittal.
You were very full.

You visited 1 branch of the dungeon, and saw 2 of its levels.

You collected 39 gold pieces.

Inventory:

Hand Weapons
 a - a +0 hand crossbow (weapon)
 b - a cursed -3 club
 k - a +0 whip
 n - a +1 hunting sling of flaming
 w - a -1 spear
Missiles
 h - 50 arrows
 l - 10 stones (quivered)
 r - 8 sling bullets
Armour
 e - a +0 robe
 i - a scarf of repulsion (worn)
 j - a +0 leather armour (worn)
 p - a +1 buckler (worn)
Jewellery
 m - an amulet of the gourmand (around neck)
 o - a +5 ring of dexterity (left hand)
Scrolls
 g - a scroll of amnesia
 q - a scroll of enchant armour
Potions
 s - a potion of brilliance
Books
 c - a book of Debilitation

   Spells                             Type                      Level
   a - Corona                         Hexes                        1
   b - Slow                           Hexes                        2
   c - Inner Flame                    Hexes/Fire                   3
   d - Portal Projectile              Hexes/Translocation          3
   e - Cause Fear                     Hexes                        4
   f - Leda's Liquefaction            Hexes/Earth                  4
Comestibles
 f - 2 bread rations
 t - 4 chunks of flesh


   Skills:
 + Level 2.7 Fighting
 + Level 1.1 Short Blades
 + Level 1.1 Long Blades
 + Level 1.1 Axes
 + Level 1.1 Maces & Flails
 + Level 1.1 Polearms
 + Level 1.1 Staves
 + Level 1.1 Slings
 + Level 1.1 Bows
 + Level 4.6 Crossbows
 + Level 1.1 Throwing
 + Level 1.1 Armour
 + Level 4.6 Dodging
 + Level 1.1 Stealth
 + Level 1.1 Shields
 + Level 1.1 Unarmed Combat
 + Level 3.0 Spellcasting
 + Level 1.1 Conjurations
 + Level 6.6 Hexes
 + Level 1.1 Charms
 + Level 1.1 Summonings
 + Level 1.1 Necromancy
 + Level 1.1 Translocations
 + Level 1.1 Transmutations
 + Level 1.1 Fire Magic
 + Level 1.1 Ice Magic
 + Level 1.1 Air Magic
 + Level 1.1 Earth Magic
 + Level 1.1 Poison Magic
 + Level 1.1 Invocations
 + Level 1.1 Evocations


You had 8 spell levels left.
You knew the following spells:

 Your Spells              Type           Power        Failure   Level  Hunger
a - Corona                Hex            ###....      2%          1    #......


Dungeon Overview and Level Annotations

Branches:
Dungeon (2/15)

Altars:
Okawaru


Innate Abilities, Weirdness & Mutations

Your experience applies equally to all skills.
You have very sharp teeth.
Your uncanny sense of smell can sniff out nearby items.


Message History

Throwing (i - inventory):
l - 11 stones (quivered)
Press: ? - help, Shift-Dir - straight line, f/p - orc warrior
Aim: an orc warrior, wielding a war axe and wearing a plate armour (moderately wounded)
Okay, then.
Casting: Corona
Confirm with . or Enter, or press ? or * to list all spells.
Aiming: Corona
Press: ? - help, Shift-Dir - straight line, f/p - orc warrior
Aim: an orc warrior, wielding a war axe and wearing a plate armour (moderately wounded, chance to defeat MR: 62%)
The orc warrior struggles to resist.
You block the orc warrior's attack.
Throwing (i - inventory):
l - 11 stones (quivered)
Press: ? - help, Shift-Dir - straight line, f/p - orc warrior
Aim: an orc warrior, wielding a war axe and wearing a plate armour (moderately wounded)
You throw a stone.
The stone closely misses the orc warrior.
The stone hits the dart slug.
The dart slug is lightly wounded.
The orc priest looks satisfied for a moment.
The orc warrior hits you with a war axe!
You die...

#.####.# #. #.#
### #. #.#######
..# #.......# #.#
## #######.# #.#
((. #.# #.# ....
#.# #.###(....
#.######..(((....
#....@owog..(.#
#############.# ∆


You could see an orc warrior, an orc priest, a dart slug and a goblin.

Vanquished Creatures
  An orc wizard (D:2)
  An adder (D:2)
  2 oozes (D:1)
  A leopard gecko (D:2)
  2 orcs (D:2)
  4 goblins
  3 hobgoblins
  3 jackals (D:1)
  7 kobolds
  A quokka (D:2)
  2 bats (D:1)
  3 frilled lizards
  7 rats
37 creatures vanquished.

Notes
Turn   | Place    | Note
-------+----------+-------------------------------------------
     0 | D:1      | Internecine the Gnoll Arcane Marksman began the quest for the Orb.
     0 | D:1      | Reached XP level 1. HP: 17/17 MP: 4/4
   141 | D:1      | Reached XP level 2. HP: 19/23 MP: 5/5
   868 | D:1      | Reached XP level 3. HP: 27/28 MP: 7/7
  1238 | D:2      | Found an iron altar of Okawaru.
  1257 | D:2      | Became a worshipper of Warmaster Okawaru
  1493 | D:2      | Reached skill level 1 in Short Blades
  1493 | D:2      | Reached skill level 1 in Long Blades
  1493 | D:2      | Reached skill level 1 in Axes
  1493 | D:2      | Reached skill level 1 in Maces & Flails
  1493 | D:2      | Reached skill level 1 in Polearms
  1493 | D:2      | Reached skill level 1 in Staves
  1493 | D:2      | Reached skill level 1 in Slings
  1493 | D:2      | Reached skill level 1 in Bows
  1493 | D:2      | Reached skill level 1 in Throwing
  1493 | D:2      | Reached skill level 1 in Armour
  1493 | D:2      | Reached skill level 1 in Stealth
  1493 | D:2      | Reached skill level 1 in Shields
  1493 | D:2      | Reached skill level 1 in Unarmed Combat
  1493 | D:2      | Reached skill level 1 in Conjurations
  1493 | D:2      | Reached skill level 1 in Charms
  1493 | D:2      | Reached skill level 1 in Summonings
  1493 | D:2      | Reached skill level 1 in Necromancy
  1493 | D:2      | Reached skill level 1 in Translocations
  1493 | D:2      | Reached skill level 1 in Transmutations
  1493 | D:2      | Reached skill level 1 in Fire Magic
  1493 | D:2      | Reached skill level 1 in Ice Magic
  1493 | D:2      | Reached skill level 1 in Air Magic
  1493 | D:2      | Reached skill level 1 in Earth Magic
  1493 | D:2      | Reached skill level 1 in Poison Magic
  1493 | D:2      | Reached skill level 1 in Invocations
  1493 | D:2      | Reached skill level 1 in Evocations
  1493 | D:2      | Reached XP level 4. HP: 18/34 MP: 8/8
  1504 | D:2      | Noticed an orc warrior
  1522 | D:2      | Mangled by an orc warrior

Vault maps used:
D:1:      matt_arrival_los_fun, minmay_misc_feat_room
D:2:      lemuel_round_altar, first_bread

Skill      XL: |  1  2  3 |
---------------+----------+-----
Short Blades   | 1 |  1.1
Long Blades    | 1 |  1.1
Axes           | 1 |  1.1
Maces & Flails | 1 |  1.1
Polearms       | 1 |  1.1
Staves         | 1 |  1.1
Slings         | 1 |  1.1
Bows           | 1 |  1.1
Throwing       | 1 |  1.1
Armour         | 1 |  1.1
Stealth        | 1 |  1.1
Shields        | 1 |  1.1
Unarmed Combat | 1 |  1.1
Spellcasting   | 3 |  3.0
Conjurations   | 1 |  1.1
Charms         | 1 |  1.1
Summonings     | 1 |  1.1
Necromancy     | 1 |  1.1
Translocations | 1 |  1.1
Transmutations | 1 |  1.1
Fire Magic     | 1 |  1.1
Ice Magic      | 1 |  1.1
Air Magic      | 1 |  1.1
Earth Magic    | 1 |  1.1
Poison Magic   | 1 |  1.1
Invocations    | 1 |  1.1
Evocations     | 1 |  1.1
Fighting       | |  2.7
Crossbows      | |  4.6
Dodging        | |  4.6
Hexes          | |  6.6

Action                   |  1- 3 |  4- 6 || total
-------------------------+-------+-------++-------
Melee: Whip              |     7 |       ||     7
       Spear             |    26 |       ||    26
       Bite              |     3 |       ||     3
 Fire: Hand crossbow     |    52 |    10 ||    62
       Hunting sling     |     6 |       ||     6
Throw: Stone             |     6 |     2 ||     8
 Cast: Corona            |       |     1 ||     1
  Use: Scroll            |     8 |       ||     8
       Potion            |     1 |       ||     1
 Stab: Sleeping          |     1 |       ||     1
  Eat: Chunk             |    11 |       ||    11
Armor: Robe              |     4 |       ||     4
       Leather armour    |     4 |       ||     4
Dodge: Dodged            |    33 |     3 ||    36
       Deflected         |     1 |       ||     1
Block: Buckler           |     7 |     2 ||     9

Table legend:
 A = Spawn XP
 B = Non-spawn XP
 C = Spawn XP percentage of total XP
 D = Spawn monster count
 E = Non-spawn monster count
 F = Spawn count percentage of total count
 G = Total turns spent on level
                    A         B        C        D         E        F      G
               +---------+---------+-------+---------+---------+-------+---------
         Total |       0 |     121 |   0.0 |       0 |      37 |   0.0 |  1522
               +---------+---------+-------+---------+---------+-------+---------
           D:1 |       0 |      43 |   0.0 |       0 |      21 |   0.0 |  1103
           D:2 |       0 |      78 |   0.0 |       0 |      16 |   0.0 |   419
               +---------+---------+-------+---------+---------+-------+---------
